 Dungeon Crawl Stone Soup version 0.24.0-123-gd5b16e6ec5 (webtiles) character file.

Game seed: 1320165982019719376, levelgen mode: deterministic

58 Peloso the Skirmisher (level 3, 0/34 HPs)
             Began as a Minotaur Fighter on Dec 20, 2019.
             Slain by a goblin
             ... wielding a +0 club
             ... led by Robin
              (1 damage)
             ... on level 2 of the Dungeon.
             The game lasted 00:02:04 (825 turns).

Peloso the Skirmisher (Minotaur Fighter)             Turns: 825, Time: 00:02:04

Health: 0/34       AC:  7    Str: 20    XL:     3   Next: 75%
Magic:  2/2        EV:  7    Int:  5    God:
Gold:   154        SH:  9    Dex: 10    Spells: 2/2 levels left

rFire    + . .     SeeInvis .   a - +0 long sword
rCold    . . .     Gourm    .   c - +0 shield
rNeg     . . .     Faith    .   b - +0 scale mail {rF+}
rPois    .         Spirit   .   (helmet restricted)
rElec    .         Reflect  .   (no cloak)
rCorr    .         Harm     .   (no gloves)
MR       .....                  (no boots)
Stlth    ..........             (no amulet)
HPRegen  0.11/turn              (no ring)
MPRegen  0.08/turn              (no ring)

@: no status effects
A: retaliatory headbutt, horns 2
a: no special abilities


You were on level 2 of the Dungeon.
You were not hungry.

You visited 1 branch of the dungeon, and saw 2 of its levels.

You collected 154 gold pieces.

Inventory:

Hand Weapons
 a - a +0 long sword (weapon)
Armour
 b - a +0 scale mail of fire resistance (worn)
 c - a +0 shield (worn)
Jewellery
 k - a +3 ring of protection {unknown}
Scrolls
 g - 2 scrolls of identify {unknown}
 h - 2 scrolls of remove curse {unknown}
 j - a scroll of immolation {unknown}
 l - 3 scrolls of blinking {unknown}
Potions
 d - a potion of might
 i - 2 potions of brilliance
Comestibles
 f - 4 rations


   Skills:
 + Level 4.3 Fighting
 + Level 3.5 Long Blades
 + Level 4.1 Armour
 + Level 0.1 Dodging
 + Level 4.0 Shields


You had 2 spell levels left.
You didn't know any spells.
Your spell library was empty.

Dungeon Overview and Level Annotations

Branches:
Dungeon (2/15)

Altars:
Ru
Yredelemnul


Innate Abilities, Weirdness & Mutations

You reflexively headbutt those who attack you in melee.
You have a pair of horns on your head.


Message History

The goblin hits you but does no damage.
Your shield prevents you from hitting the goblin.
The goblin hits you with a +0 dagger.
* * * LOW HITPOINT WARNING * * *
Your shield prevents you from hitting the goblin.
The goblin hits you with a +0 dagger.
* * * LOW HITPOINT WARNING * * *
You hit the goblin.
You headbutt the goblin, but do no damage.
The goblin is heavily wounded.
You block the goblin's attack. The goblin hits you but does no damage.
You hit the goblin.
You kill the goblin!
Your shield and scale mail prevent you from hitting the goblin.
You block the goblin's attack. The goblin hits you with a +0 club.
* * * LOW HITPOINT WARNING * * *
You hit the goblin but do no damage. Your headbutt misses the goblin.
The goblin completely misses you.
You barely miss the goblin. The goblin hits you with a +0 club.
You die...

#.##.#####..
###.##.......#
####.#....#####..
########.......#.....#
...............#.#....?.
###.#######(...#.#...##.
##.#..≈≈≈..#...#.# ..#
#.#..≈...≈..#..#g# ..#
.#...≈._.≈...#.#@# .#
#[#..≈...≈..#.##)# ##
##.#†.≈≈≈..# ..#
##.#######.# ####
##........#####
####..##..#.....###
..........#.......#
###########.......#
###.......#.......#


You could see a goblin.

Vanquished Creatures
  Robin (D:2)
  An ooze (D:1)
  A dart slug (D:1)
  6 bats
  A giant cockroach (D:1)
  12 goblins
  4 hobgoblins
  3 kobolds (D:1)
  A ball python (D:1)
  A frilled lizard (D:1)
  8 rats
39 creatures vanquished.

Notes
Turn   | Place    | Note
-------+----------+-------------------------------------------
     0 | D:1      | Peloso the Minotaur Fighter began the quest for the Orb.
     0 | D:1      | Reached XP level 1. HP: 19/19 MP: 0/0
    69 | D:1      | Reached XP level 2. HP: 27/27 MP: 1/1
   505 | D:1      | Reached XP level 3. HP: 33/33 MP: 2/2
   657 | D:2      | Found a basalt altar of Yredelemnul.
   733 | D:2      | Found a sacrificial altar of Ru.
   775 | D:2      | Noticed Robin
   808 | D:2      | Killed Robin
   823 | D:2      | HP: 1/34 [goblin/+0 club[Robin] (5)]
   825 | D:2      | Slain by a goblin

Levels and vault maps discovered:
D:1:      onia_arrival_handbag, layout_loops_ring, minmay_tetromino_l2
D:2:      minmay_general_purpose_star, layout_basic,
          nicolae_overflow_crystal_walls, nicolae_ru_awakened_eye, first_ration,
          chequers_serial_rivers_room_a, uniq_robin

Skill      XL: |  1  2  3 |
---------------+----------+-----
Long Blades    | 3 |  3.5
Armour         | 4 |  4.1
Fighting       | 4 |  4.3
Shields        | 4 |  4.0
Dodging        | |  0.1

Action                   || total
-------------------------++-------
Melee: Long sword        ||   100
       Headbutt          ||    14
  Use: Potion            ||     2
Armor: Scale mail        ||    58
Dodge: Dodged            ||    27
Block: Shield            ||    54
       Rpst.: Long sword ||     4
